 Dungeon Crawl Stone Soup version 0.29-a0-723-gce39da1c22 (webtiles) character file.

Game seed: 12590723171880982747

3108 boopmooplesden the Cleaver (level 9, -12/80 HPs)
             Began as a Minotaur Fighter on June 28, 2022.
             Was a Believer of Trog.
             Killed from afar by a centaur (26 damage)
             ... with a bolt of acid
             ... on level 6 of the Dungeon.
             The game lasted 00:07:19 (6978 turns).

boopmooplesden the Cleaver (Minotaur Fighter)       Turns: 6978, Time: 00:07:21

Health: -12/80     AC: 10    Str: 23    XL:     9   Next: 60%
Magic:  8/8        EV: 11    Int:  5    God:    Trog [**....]
Gold:   351        SH:  5    Dex: 12    Spells: 8/8 levels left

rFire   . . .      SeeInvis .   a - +0 war axe
rCold   . . .      Faith    .   t - orb {light}
rNeg    . . .      Spirit   .   b - +0 scale mail
rPois   +          Reflect  +   w - +2 hat
rElec   .          Harm     .   (no cloak)
rCorr   .          Rampage  .   (no gloves)
Will    .....                   (no boots)
Stlth   ..........              l - amulet of reflection
HPRegen 0.23/turn               m - ring of poison resistance
MPRegen 0.11/turn               (no ring)

@: glowing
A: horns 2, retaliatory headbutt
a: Renounce Religion, Berserk, Trog's Hand


You were on level 6 of the Dungeon.
You worshipped Trog.
Trog was pleased with you.
You visited 2 branches of the dungeon, and saw 7 of its levels.
You also visited: Sewer.

You collected 351 gold pieces.

Inventory:

Hand Weapons
 a - a +0 war axe (weapon)
 f - a +2 whip of freezing
 J - a +0 battleaxe
Missiles
 p - 6 javelins (quivered)
Armour
 b - a +0 scale mail (worn)
 c - a +1 buckler
 t - an orb of light (worn)
 w - a +2 hat (worn)
 K - +0 steam dragon scales
Jewellery
 l - an amulet of reflection (around neck)
 m - a ring of poison resistance (left hand)
 I - a ring of flight
Wands
 D - a wand of iceblast (12)
Scrolls
 e - 3 scrolls of magic mapping
 i - a scroll of torment {unknown}
 k - 4 scrolls of amnesia {unknown}
 o - 2 scrolls of immolation {unknown}
 q - 4 scrolls of identify
 r - a scroll of summoning {unknown}
 u - a scroll of poison {unknown}
 v - a scroll of teleportation {unknown}
 y - a scroll of silence {unknown}
 B - a scroll of noise {unknown}
 C - 4 scrolls of enchant weapon {unknown}
 F - a scroll of brand weapon {unknown}
 G - a scroll of blinking {unknown}
Potions
 d - a potion of might
 g - a potion of resistance
 h - 2 potions of cancellation {unknown}
 j - 3 potions of flight {unknown}
 n - 3 potions of mutation {unknown}
 s - 6 potions of curing {unknown}
 x - a potion of berserk rage {unknown}
 z - a potion of heal wounds
 A - 3 potions of degeneration {unknown}
 E - a potion of attraction {unknown}
 H - a potion of invisibility {unknown}


   Skills:
 + Level 7.7 Fighting
 + Level 11.1 Axes
 + Level 7.8 Armour
 + Level 3.3 Dodging
 + Level 1.4 Stealth
 + Level 6.3 Shields


You had 8 spell levels left.
You didn't know any spells.
Your spell library contained the following spells:

 Spells                   Type           Power      Damage    Failure   Level
 Beastly Appendage        Tmut           0%         N/A       77%         1
 Ensorcelled Hibernation  Hex/Ice        0%         N/A       88%         2
 Passwall                 Tmut/Erth      0%         N/A       88%         2
 Wereblood                Tmut           0%         N/A       88%         2
 Spider Form              Tmut/Pois      0%         N/A       98%         3
 Swiftness                Air            0%         N/A       98%         3
 Tukima's Dance           Hex            0%         N/A       98%         3
 Passage of Golubria      Tloc           0%         N/A       100%        4
 Yara's Violent Unravell  Hex/Tmut       0%         3d3       100%        5


Dungeon Overview and Level Annotations

Branches:
Dungeon (6/15)             Temple (1/1) D:4           Sewer (visited)

Altars:
Ashenzari
Cheibriados
Dithmenos
Elyvilon
Fedhas
Gozag
Hepliaklqana
Kikubaaqudgha
Makhleb
Nemelex Xobeh
Okawaru
Qazlal
Ru
Sif Muna
Trog
Uskayaw
Vehumet
Xom
Yredelemnul
The Shining One


Innate Abilities, Weirdness & Mutations

You have a pair of horns on your head.
You reflexively headbutt those who attack you in melee.


Message History

The centaur seems to grow stronger.
You closely miss the bullfrog.
The bullfrog is heavily wounded.
The bullfrog barely misses you.
The bullfrog hits you but does no damage.
You hit the bullfrog but do no damage. You headbutt the bullfrog!
The bullfrog is almost dead.
The bullfrog closely misses you. You furiously retaliate!
You headbutt the bullfrog.
You kill the bullfrog!
Trog accepts your kill.
You hit the centaur.
The centaur is lightly wounded.
The centaur zaps a wand.
The bolt of acid hits you!
* * * LOW HITPOINT WARNING * * *
You hit the centaur but do no damage. Your headbutt misses the centaur.
The centaur is lightly wounded.
The centaur hits you.
* * * LOW HITPOINT WARNING * * *
The centaur kicks you but does no damage.
The centaur hits you but does no damage.
The centaur kicks you but does no damage.
You hit the centaur.
The centaur is moderately wounded.
The centaur closely misses you. You furiously retaliate!
You headbutt the centaur, but do no damage.
The centaur closely misses you.
You hit the centaur.
The centaur is heavily wounded.
The centaur hits you.
* * * LOW HITPOINT WARNING * * *
The centaur kicks you.
* * * LOW HITPOINT WARNING * * *
You hit the centaur but do no damage.
The centaur is heavily wounded.
You are no longer corroded.
You block the centaur's attack.
The centaur kicks you but does no damage.
The centaur zaps a wand.
The bolt of acid hits you!!
You die...

.# #........# .#
#.......># .#
#........# .
#........#
##...........
.####..##########
..........########
................!##.#
............####@...#
#####.####.##..c###..#
# #...# #.#..## .#
##..### ..#. #
...###.....#
............
##..#....... ....... .
.........


You could see a centaur (strong).

Vanquished Creatures
  Pikel (D:4)
  Maggie (D:6)
  Grinder (D:3)
  Prince Ribbit (D:6)
  A water moccasin (D:6)
  An ice beast (D:5)
  A centaur (D:5)
  4 phantoms
  The ghost of gobodom the Digger, an amateur GrEE (D:4)
  A bullfrog (D:6)
  A necrophage (D:6)
  4 scorpions
  2 howler monkeys
  2 electric eels (D:6)
  2 hounds (D:5)
  3 jellies
  4 orc priests
  5 iguanas
  3 orc wizards
  6 gnolls (D:5)
  14 adders
  4 river rats (Sewer)
  A white imp (D:6)
  An ufetubus (D:4)
  3 worms
  2 dart slugs
  11 orcs
  15 ball pythons
  6 bats
  3 endoplasms
  4 giant cockroaches
  6 hobgoblins
  7 jackals
  3 quokkas
  7 frilled lizards
  3 goblins
  10 kobolds
  9 rats
154 creatures vanquished.

Notes
Turn   | Place    | Note
-------+----------+-------------------------------------------
     0 | D:1      | boopmooplesden the Minotaur Fighter began the quest for the
                  | Orb.
     0 | D:1      | Reached XP level 1. HP: 19/19 MP: 0/0
   242 | D:1      | Reached XP level 2. HP: 25/27 MP: 1/1
   822 | D:2      | Reached XP level 3. HP: 32/33 MP: 2/2
  1208 | D:2      | Reached skill level 3 in Axes
  2153 | D:3      | Noticed Grinder
  2158 | D:3      | Paralysed by Grinder for 3 turns
  2164 | D:3      | Paralysed by Grinder for 5 turns
  2182 | D:3      | Paralysed by Grinder for 2 turns
  2186 | D:3      | Reached XP level 4. HP: 5/40 MP: 3/3
  2193 | D:3      | Killed Grinder
  2194 | D:3      | Reached skill level 5 in Axes
  2194 | D:3      | Reached skill level 5 in Armour
  2194 | D:3      | Reached XP level 5. HP: 21/47 MP: 4/4
  2194 | D:3      | Reached XP level 6. HP: 23/53 MP: 5/5
  2383 | D:3      | Found a faded altar of an unknown god.
  2910 | D:4      | Noticed gobodom's ghost (amateur GrEE)
  2910 | D:4      | Found a runed translucent gate.
  2910 | D:4      | Found a runed translucent gate.
  2910 | D:4      | Found a runed translucent gate.
  3035 | D:4      | Found a glowing drain.
  3055 | D:4      | Reached skill level 5 in Shields
  3068 | Sewer    | Entered a sewer
  3475 | Sewer    | Reached skill level 1 in Dodging
  3708 | D:4      | Reached skill level 6 in Axes
  3714 | D:4      | Reached XP level 7. HP: 58/60 MP: 6/6
  3715 | D:4      | Killed gobodom's ghost
  3811 | D:4      | Found a staircase to the Ecumenical Temple.
  3833 | Temple   | Entered the Ecumenical Temple
  3912 | Temple   | Became a worshipper of Trog the Wrathful
  4188 | D:4      | Noticed Pikel
  4202 | D:4      | Killed Pikel
  4203 | D:4      | Reached skill level 5 in Fighting
  4203 | D:4      | Reached skill level 8 in Axes
  4203 | D:4      | Reached skill level 1 in Stealth
  4203 | D:4      | Reached XP level 8. HP: 18/69 MP: 7/7
  4488 | D:5      | Entered Level 5 of the Dungeon
  4635 | D:5      | Reached skill level 9 in Axes
  4696 | D:5      | Reached * piety under Trog
  5216 | D:6      | Found a white marble altar of Elyvilon.
  5494 | D:6      | Reached XP level 9. HP: 71/78 MP: 8/8
  5615 | D:6      | Noticed Prince Ribbit
  5623 | D:6      | Killed Prince Ribbit
  5624 | D:6      | Reached skill level 10 in Axes
  6061 | D:6      | Found a basalt altar of Yredelemnul.
  6393 | D:6      | Found a sparkling altar of Nemelex Xobeh.
  6650 | D:6      | Noticed Maggie
  6659 | D:6      | Killed Maggie
  6964 | D:6      | Reached ** piety under Trog
  6968 | D:6      | Reached skill level 11 in Axes
  6978 | D:6      | Killed from afar by a centaur

Illustrated notes

Levels and vault maps discovered:
D:1:      minmay_arrival_statue_studded, layout_basic
D:2:      minmay_door_path, layout_basic, minmay_tetromino_i2
D:3:      layout_loops_ring, hellmonk_ecumenical_altar_arch_garden,
          kennysheep_generic_room_7, uniq_grinder
D:4:      layout_loops_ring, temple_green, cheibrodos_sewer_entry_drain,
          gammafunk_ghost_split, uniq_pikel
D:5:      minmay_skewed_foursquare, layout_basic, palyth_stone_intersect,
          st_stairs_8
D:6:      layout_rooms, elyvilon_altar_5, nicolae_overflow_squiral,
          serial_park_tiny_1, minmay_alternating_orb, uniq_prince_ribbit1,
          uniq_crazy_yiuf_cottage, uniq_maggie
Temple:   minmay_crystal_spiral_temple

Skill      XL: |  1  2  3  4  5  6  7  8  9 |
---------------+----------------------------+-----
Fighting       | 4 5 6 7 |  7.7
Shields        | 4 5 6 |  6.3
Armour         | 4 5 6 7 |  7.8
Axes           | 3 5 6 8 9 11 | 11.1
Dodging        | 1 2 3 |  3.3
Stealth        | 1 |  1.4

Action                   |  1- 3 |  4- 6 |  7- 9 || total
-------------------------+-------+-------+-------++-------
Melee: War axe           |    90 |    90 |   160 ||   340
       Headbutt          |     6 |    14 |    32 ||    52
Invok: Berserk           |       |       |     1 ||     1
  Use: Scroll            |     3 |       |       ||     3
       Potion            |     1 |     3 |       ||     4
 Stab: Distracted        |       |     1 |       ||     1
Armor: Scale mail        |    54 |    47 |    49 ||   150
Dodge: Dodged            |    39 |    40 |    72 ||   151
Block: Buckler           |    29 |    13 |       ||    42
       Reflection        |     1 |       |     1 ||     2
       Orb               |       |    15 |    27 ||    42

Table legend: (Time is in decaauts)
 A = Elapsed time spent in this place.
 B = Non-inter-level travel time spent in this place.
 C = Inter-level travel time spent in this place.
 D = Time resting spent in this place.
 E = Time spent auto-exploring this place.
 F = Levels seen in this place.
 G = Mean time per level.
                   A        B        C        D        E       F      G
               +--------+--------+--------+--------+--------+-----+--------+
         Total |   7095 |   6920 |    175 |    457 |   5016 |   8 |  886.9 |
       Dungeon |   6309 |   6218 |     91 |    457 |   4583 |   6 | 1051.5 |
        Temple |    175 |     91 |     84 |      0 |      6 |   1 |  175.0 |
         Sewer |    610 |    610 |      0 |      0 |    426 |   1 |  610.0 |
               +--------+--------+--------+--------+--------+-----+--------+

Top non-repeatable levels by time:
     D:6: 1771 daAuts
     D:2: 1239 daAuts
     D:3: 896 daAuts
     D:4: 878 daAuts
     D:1: 795 daAuts
     D:5: 727 daAuts
   Sewer: 610 daAuts
  Temple: 175 daAuts
